 Dungeon Crawl Stone Soup version 0.26-a0-812-g31a745ddcd (webtiles) character file.

Game seed: 3860611749476263250

117 funkygono the Ruffian (level 4, -5/42 HPs)
             Began as a Troll Warper on Oct 28, 2020.
             Slain by a worker ant (6 damage)
             ... on level 3 of the Dungeon on Nov 15, 2020.
             The game lasted 00:05:46 (1661 turns).

funkygono the Ruffian (Troll Warper)                Turns: 1661, Time: 00:05:47

Health: -5/42      AC:  6    Str: 19    XL:     4   Next: 71%
Magic:  5/5        EV: 10    Int: 10    God:
Gold:   181        SH:  0    Dex:  9    Spells: 4/6 levels left

rFire    . . .     SeeInvis .     - Unarmed
rCold    . . .     Faith    .   (no shield)
rNeg     . . .     Spirit   .   a - +0 robe
rPois    .         Reflect  .   (helmet restricted)
rElec    .         Harm     .   (no cloak)
rCorr    +         Rampage  .   (gloves unavailable)
MR       .....                  (boots unavailable)
Stlth    +.........             (no amulet)
HPRegen  0.54/turn              f - ring of resist corrosion
MPRegen  0.09/turn              (no ring)

@: lethally poisoned (-5 -> -5)
A: large, unfitting armour, claws 3, regeneration 1, shaggy fur 1, tough skin 3
a: no special abilities


You were on level 3 of the Dungeon.
You visited 1 branch of the dungeon, and saw 3 of its levels.

You collected 181 gold pieces.

Inventory:

Missiles
 d - a boomerang of dispersal (quivered)
 j - 111 stones
Armour
 a - a +0 robe (worn)
Jewellery
 f - a ring of resist corrosion (left claw)
Scrolls
 c - 2 scrolls of blinking
 e - 3 scrolls of amnesia
 i - 2 scrolls of identify
 k - a scroll of fog {unknown}
 l - a scroll of enchant armour {unknown}
 m - a scroll of random uselessness {unknown}
 n - a scroll of teleportation
Potions
 b - a potion of ambrosia
 g - 2 potions of flight {unknown}
 h - a potion of magic {unknown}


   Skills:
 + Level 1.7 Fighting
 + Level 0.9 Throwing
 + Level 2.2 Dodging
 * Level 4.3 Unarmed Combat
 + Level 1.6 Spellcasting
 + Level 2.2 Translocations


You had 4 spell levels left.
You knew the following spells:

 Your Spells              Type           Power        Failure   Level
a - Blink                 Tloc           N/A          21%         2

Your spell library contained the following spells:

 Spells                   Type           Power        Failure   Level
 Gell's Gravitas          Tloc           #.........   36%         3
 Lesser Beckoning         Tloc           #.........   36%         3
 Teleport Other           Tloc           #.......     36%         3
 Passage of Golubria      Tloc           N/A          78%         4


Dungeon Overview and Level Annotations

Branches:
Dungeon (3/15)

Altars:
Nemelex Xobeh


Innate Abilities, Weirdness & Mutations

You are too large for most types of armour.
You have claws for hands.
Your natural rate of healing is unusually fast.
You are covered in fur. (AC +1)
You have extremely tough skin. (AC +3)


Message History

The worker ant closely misses you. The orc hits you with a +0 flail!
The orc closely misses you.
You completely miss the orc.
The worker ant bites you but does no damage.
The orc wizard hits you but does no damage.
The orc hits you with a +0 flail. The worker ant bites you.
You claw the orc!
You kill the orc!
The orc wizard casts a spell.
The orc wizard flickers and vanishes!
Deactivating autopickup; reactivate with Ctrl-A.
The worker ant bites you!
You are poisoned.
The worker ant poisons you!
You miss something.
You feel sick. The orc hits you with a +0 flail!
* * * LOW HITPOINT WARNING * * *
Something hits you.
* * * LOW HITPOINT WARNING * * *
The worker ant bites you.
You die...

.....##########
#.###.#.)#.....#. .....#
#. #.....#..#..##...
.....#
#.#########......##.#.
.....#
###.......###...........
.....#
..>............#.######.
#.####
.................†......
#.#
......o........#.######.
#.# #..o..........# ...
#.## #..)@B......### ###.
...# #...{.......# #. ...#
########.#.#.## #. ...#
#........#.#. .. ...#
#......### # . ...#
#.....†'.# ...# #......#.#
...###############.#####.
..).......................


You could see a worker ant and 2 orcs.

Vanquished Creatures
  Crazy Yiuf (D:3)
  2 adders
  An ooze (D:2)
  A worm (D:2)
  3 dart slugs
  2 leopard geckos
  An orc (D:3)
  6 bats
  2 giant cockroaches
  7 goblins
  5 hobgoblins
  3 jackals (D:3)
  7 frilled lizards
  9 kobolds
  6 rats
56 creatures vanquished.

Notes
Turn   | Place    | Note
-------+----------+-------------------------------------------
     0 | D:1      | funkygono the Troll Warper began the quest for the Orb.
     0 | D:1      | Reached XP level 1. HP: 19/19 MP: 1/1
   150 | D:1      | Reached XP level 2. HP: 27/27 MP: 3/3
   497 | D:1      | Learned a level 2 spell: Blink
   876 | D:1      | Found a sparkling altar of Nemelex Xobeh.
   897 | D:2      | Reached XP level 3. HP: 35/35 MP: 1/4
   968 | D:2      | Reached skill level 3 in Unarmed Combat
   970 | D:2      | Upgraded the game from 0.26-a0-651-gb41185065b to
                  | 0.26-a0-812-g31a745ddcd
  1043 | D:2      | Found a faded altar of an unknown god.
  1285 | D:2      | Reached XP level 4. HP: 42/42 MP: 5/5
  1580 | D:3      | Found a runed translucent door.
  1581 | D:3      | Noticed Crazy Yiuf
  1588 | D:3      | Killed Crazy Yiuf
  1588 | D:3      | Reached skill level 4 in Unarmed Combat
  1661 | D:3      | HP: 1/42 [something (4)]
  1661 | D:3      | Slain by a worker ant

Illustrated notes

Levels and vault maps discovered:
D:1:      wander_arrival_chamber, layout_basic, nemelex_diamond_rough_becter
D:2:      layout_rooms, chequers_ecumenical_altar_simple
D:3:      layout_basic, uniq_crazy_yiuf_cottage

Skill      XL: |  1  2  3  4 |
---------------+-------------+-----
Dodging        | 2 |  2.2
Unarmed Combat | 3 4 |  4.3
Fighting       | |  1.7
Throwing       | |  0.9
Spellcasting   | |  1.6
Translocations | |  2.2

Action                   |  1- 3 |  4- 6 || total
-------------------------+-------+-------++-------
Melee: Unarmed           |   124 |    26 ||   150
       Punch             |     1 |       ||     1
Throw: Boomerang         |     4 |       ||     4
 Cast: Blink             |     1 |       ||     1
  Use: Scroll            |     3 |     1 ||     4
Armor: Robe              |    70 |     6 ||    76
Dodge: Dodged            |    76 |    11 ||    87

Table legend: (Time is in decaauts)
 A = Elapsed time spent in this place.
 B = Non-inter-level travel time spent in this place.
 C = Inter-level travel time spent in this place.
 D = Time resting spent in this place.
 E = Time spent auto-exploring this place.
 F = Levels seen in this place.
 G = Mean time per level.
                   A        B        C        D        E       F      G
               +--------+--------+--------+--------+--------+-----+--------+
         Total |   1652 |   1612 |     40 |      0 |   1212 |   3 |  550.7 |
       Dungeon |   1652 |   1612 |     40 |      0 |   1212 |   3 |  550.7 |
               +--------+--------+--------+--------+--------+-----+--------+

Top non-repeatable levels by time:
     D:1: 886 daAuts
     D:2: 451 daAuts
     D:3: 314 daAuts
